[Event "Late-Titled-Tuesday-Blitz-April-30-2024"]
[Site "Chess.com"]
[Date "2024.04.30"]
[Round "1"]
[White "CMButgood"]
[Black "Artem_Koval"]
[Result "0-1"]
[WhiteElo "2079"]
[BlackElo "2555"]
[TimeControl "180+1"]
[EndTime "14:07:32 PDT"]
[Termination "Artem_Koval won on time"]

1. e4 c5 2. Nf3 d6 3. d4 cxd4 4. Nxd4 Nf6 5. Nc3 a6 6. Bg5 Nbd7 7. Qe2 e6 8. O-O-O Be7 9. f4 Qc7 10. g4 O-O 11. h4 b5 12. a3 Bb7 13. Bg2 Rac8 14.
Bxf6 Nxf6 15. g5 Nd7 16. f5 exf5 17. Nxf5 Ne5 18. Rhg1 Rfd8 19. Bh3 Bf8 20. Qf2 Rb8 21. Nh6+ gxh6 22. gxh6+ Ng6 23. h5 Bxh6+ 24. Kb1 Bg7 25. hxg6 hxg6 26. Rxg6 fxg6 27. Be6+ Kh7 28. Rh1+ Bh6 29.
Bf7 Kg7 30. Rxh6 Kxh6 31. Qf6 Rg8 32. Ne2 Rbf8 33. Ng3 Kh7 34. Qh4+ Kg7 35. Bxg8 Kxg8 36. Qh6 Qg7 37. Qg5 Qf6 38. Qh6 a5 39. Ka2 b4 40.
axb4 axb4 0-1

[Event "Late-Titled-Tuesday-Blitz-April-30-2024"]
[Site "Chess.com"]
[Date "2024.04.30"]
[Round "1"]
[White "Charodej1"]
[Black "Adar_07"]
[Result "1-0"]
[WhiteElo "2431"]
[BlackElo "2703"]
[TimeControl "180+1"]
[EndTime "14:07:35 PDT"]
[Termination "Charodej1 won by resignation"]

1. e4 c6 2. Nc3 d5 3. Nf3 Bg4 4. h3 Bxf3 5. Qxf3 e6 6. g3 Nf6 7. Bg2 Nbd7 8. O-O dxe4 9. Nxe4 Nxe4 10. Qxe4 Nf6 11. Qe2 h5 12. h4 Bd6 13. d4 Qb6 14. c3 O-O-O 15. a4 a5 16. Bg5 Rhe8 17. Qc4 Kb8 18.
Rfb1 e5 19. b4 axb4 20. a5 Qa6 21. Qxa6 bxa6 22. Bxc6 Re7 23. d5 e4 24. cxb4 Be5 25.
Ra3 Bd4 26. b5 axb5 27. Rxb5+ Ka7 28. Be3 Bxe3 29. Rxe3 Rb8 30. Rxb8 Kxb8 31. Rb3+ Kc8 32. a6 Ra7 33. Bb7+ Kc7 34. Rc3+ Kd6 35. Rc6+ Ke5 36. d6 Nd7 37. Bc8 Nf8 38. Rc7 Ra8 39. d7 Ne6 40. Rc5+ Kd6 41. Rxh5 g6 42. Rd5+ Kc7 43. Re5 Kd8 44.
Rxe4 Rb8 45. Kg2 Rb2 46. Ra4 Nc7 47. a7 Na8 48. Ra5 f6 49. h5 g5 50. h6 1-0

[Event "Late-Titled-Tuesday-Blitz-April-30-2024"]
[Site "Chess.com"]
[Date "2024.04.30"]
[Round "1"]
[White "TheSilmarils"]
[Black "Sjakkerntobi"]
[Result "1-0"]
[WhiteElo "2919"]
[BlackElo "2496"]
[TimeControl "180+1"]
[EndTime "14:07:36 PDT"]
[Termination "TheSilmarils won by resignation"]

1. Nf3 d5 2. c4 d4 3. g3 Nc6 4. Bg2 e5 5. d3 Bb4+ 6. Bd2 a5 7. O-O Nf6 8. Bg5 Be7 9. Na3 O-O 10. Nc2 h6 11.
Bxf6 Bxf6 12. Nd2 Be7 13. b3 Be6 14. a3 f5 15. Qb1 Qe8 16. Qb2 Qh5 17. Bf3 Qg6 18. b4 Rae8 19. bxa5 Nxa5 20. Qb5 Nc6 21. Qxb7 Nd8 22. Qxc7 Nf7 23. Nb4 e4 24. dxe4 Ng5 25. exf5 Nxf3+ 26. Nxf3 Bxf5 27. Nxd4 Bh3 28. Qc6 Rf6 29.
Qd5+ Kh8 30. Nf3 Rd8 31. Qe5 Bd6 32. Qa5 Rdf8 33. Nd5 R6f7 34. Qb6 Rd7 35. Rad1 Qe4 36.
Qd4 Qxe2 37. Nh4 Bxf1 38. Rxf1 Rdf7 39. Ng6+ Kg8 40. Nxf8 Bxf8 41. Nf4 Qa2 42. Qd5 Qxa3 43. Ng6 Qd6 44. Ne5 Qxd5 45. cxd5 Rf5 46. f4 Bd6 47. Re1 g5 48. Ng4 Rxd5 49. Nf6+ Kf7 50. Nxd5 1-0

[Event "Late-Titled-Tuesday-Blitz-April-30-2024"]
[Site "Chess.com"]
[Date "2024.04.30"]
[Round "1"]
[White "cthake"]
[Black "manmanlai1"]
[Result "0-1"]
[WhiteElo "1864"]
[BlackElo "2542"]
[TimeControl "180+1"]
[EndTime "14:07:36 PDT"]
[Termination "manmanlai1 won on time"]

1. e4 c5 2. Nf3 e6 3. c3 Nf6 4.
Bd3 Nc6 5. O-O d6 6. Bc2 Be7 7. d4 Qc7 8. Re1 O-O 9. Nbd2 cxd4 10. cxd4 Nb4 11. Bb1 e5 12. a3 Nc6 13. d5 Nb8 14.
Bd3 Bd7 15. b4 Rc8 16. Bb2 Qd8 17. Rc1 Be8 18. Qb3 Nbd7 19. h3 h6 20. a4 Nh5 21. g3 a5 22. Rxc8 Rxc8 23. Rc1 Rxc1+ 24. Bxc1 axb4 25. Qxb4 Nc5 26. Be2 Bxa4 27. Nxe5 Nxg3 28. fxg3 dxe5 29. Ba3 Bf8 30. Nf3 Bd7 31. Qb1 Bxh3 32. Nxe5 Qf6 33. Nf3 Bg4 34. Kg2 Qc3 35. Bb4 Qe3 36.
Bxc5 Bxc5 37. Qf1 Qxe4 38. Qd1 Bd6 39. Qd2 b6 40. Qd1 h5 41. Kf2 Bc5+ 42. Kg2 Qe3 43. Qf1 Bf5 0-1

[Event "Late-Titled-Tuesday-Blitz-April-30-2024"]
[Site "Chess.com"]
[Date "2024.04.30"]
[Round "1"]
[White "grandmastergauri"]
[Black "Nemsko"]
[Result "0-1"]
[WhiteElo "2735"]
[BlackElo "2443"]
[TimeControl "180+1"]
[EndTime "14:07:37 PDT"]
[Termination "Nemsko won by checkmate"]

1. e4 e5 2. Nf3 Nc6 3. Bc4 Bc5 4.
c3 Nf6 5. d3 a6 6. a4 d6 7. O-O O-O 8. h3 Ba7 9. Re1 Be6 10.
Bxe6 fxe6 11. b4 Qe7 12. Ra2 h6 13. b5 Nb8 14. Rb2 axb5 15. axb5 Nbd7 16. Nbd2 Nc5 17. Nc4 Na4 18. Rb3 Nb6 19. Ne3 Nbd7 20. Rb1 Bc5 21. d4 exd4 22. cxd4 Ba3 23. e5 Nd5 24. Nxd5 exd5 25.
Bxa3 Rxa3 26. Rc1 Raxf3 27. gxf3 Qg5+ 28. Kf1 Qf5 29. Kg2 Qg5+ 30. Kf1 Qf5 31. Re3 Qxh3+ 32. Ke2 Nb6 33. Qh1 Qf5 34. exd6 cxd6 35. Rc7 Nc4 36.
Ree7 Qc2+ 37. Kf1 Qd1+ 38. Kg2 Qxf3+ 39. Kh2 Qh5+ 40. Kg1 Qd1+ 41. Kh2 Rxf2+ 42. Kg3 Qxh1 43. Rxg7+ Kf8 44. Kxf2 Qh4+ 45. Kg2 Qe4+ 46. Kh3 Qd3+ 47. Kh2 Qe2+ 48. Kh3 Qf3+ 49. Kh2 Ne3 50. Rh7 Ng4+ 51. Kg1 Qf2+ 52. Kh1 Qh2# 0-1

[Event "Late-Titled-Tuesday-Blitz-April-30-2024"]
[Site "Chess.com"]
[Date "2024.04.30"]
[Round "1"]
[White "MITerryble"]
[Black "venturov"]
[Result "1-0"]
[WhiteElo "3011"]
[BlackElo "2512"]
[TimeControl "180+1"]
[EndTime "14:07:38 PDT"]
[Termination "MITerryble won by resignation"]

1. e4 Nf6 2. e5 Nd5 3. d4 d6 4. c4 Nb6 5. exd6 cxd6 6. Nc3 g6 7. Be3 Bg7 8. Rc1 O-O 9. b3 Bf5 10. Be2 d5 11. c5 Nc8 12. Nf3 Bg4 13. O-O Nc6 14. a3 e6 15. b4 N8e7 16. b5 Na5 17.
Nd2 Bxe2 18. Nxe2 Nf5 19. Qa4 b6 20. c6 Rc8 21. Rc2 Qh4 22. Rfc1 e5 23. Qb4 exd4 24.
Nf3 Qe4 25. Nexd4 Nxe3 26. Re2 Nac4 27. fxe3 Rfe8 28. Rce1 Bh6 29. Kh1 Bxe3 30. Qc3 f5 31. a4 f4 32. Nc2 Qf5 33. Nb4 g5 34. Nd4 Qf6 35. Nbc2 Re4 36. Qd3 Rce8 37. Nf3 d4 38.
Qxc4+ Kg7 39. Nd2 Bxd2 40. Rxe4 Bxe1 41. Rxe8 d3 42. Qg8+ Kh6 43. Re6 1-0

[Event "Late-Titled-Tuesday-Blitz-April-30-2024"]
[Site "Chess.com"]
[Date "2024.04.30"]
[Round "1"]
[White "Arystanner"]
[Black "masterofpuppets2"]
[Result "1-0"]
[WhiteElo "2863"]
[BlackElo "2474"]
[TimeControl "180+1"]
[EndTime "14:07:42 PDT"]
[Termination "Arystanner won by resignation"]

1. d4 d5 2. Nf3 c5 3. c4 e6 4. e3 Nc6 5. Nc3 Nf6 6. cxd5 exd5 7. Bb5 Bd7 8. O-O a6 9. Bxc6 Bxc6 10. b3 Bd6 11. dxc5 Bxc5 12. Bb2 Ba7 13. Rc1 O-O 14.
Ne2 Re8 15. Ned4 Rc8 16. Nxc6 Rxc6 17. Rxc6 bxc6 18. Qd3 a5 19. Rc1 Ne4 20. Nd4 Qh4 21.
g3 Qh3 22. Rxc6 Nxf2 23. Qf5 Bxd4 24. Qxf2 Bxb2 25. Qxb2 Rxe3 26. Qd2 Re8 27. Rd6 h6 28. Rxd5 a4 29. bxa4 Qe6 30. a5 Qe3+ 31. Qxe3 Rxe3 32.
Kf2 Ra3 33. h4 g6 34. h5 Kg7 35. g4 gxh5 36. Rxh5 Kg6 37. Rb5 Kg7 38. Ke2 Rxa2+ 39.
Kd3 Ra4 40. Kc3 Rxg4 41. Kb3 Rg1 42. Kb4 Ra1 43. Kc5 h5 44. Kb6 Kg6 45. a6 Rxa6+ 46.
Kxa6 h4 47. Kb6 f5 48. Kc5 Kg5 49. Kd4 Kg4 50. Ke3 Kg3 51. Rxf5 1-0

[Event "Late-Titled-Tuesday-Blitz-April-30-2024"]
[Site "Chess.com"]
[Date "2024.04.30"]
[Round "1"]
[White "Ajedrez_con_German"]
[Black "giovannibrandao7"]
[Result "1-0"]
[WhiteElo "2633"]
[BlackElo "2331"]
[TimeControl "180+1"]
[EndTime "14:07:42 PDT"]
[Termination "Ajedrez_con_German won by resignation"]

1. a3 d5 2. e3 e5 3. d4 exd4 4.
exd4 Nf6 5. c4 dxc4 6. Bxc4 Bd6 7. Nf3 O-O 8. O-O c6 9. Nc3 Bg4 10. h3 Bh5 11. g4 Bg6 12. Ne5 Nbd7 13. f4 c5 14. Nxd7 Qxd7 15. f5 cxd4 16. Ne2 Bc5 17. Qd3 Rae8 18. fxg6 hxg6 19. Rxf6 Rxe2 20. Rf2 Re1+ 21.
Rf1 Rxf1+ 22. Kxf1 Qc6 23. Kg1 Re8 24. Bd2 a6 25. Rf1 Re7 26. Qf3 Qxf3 27. Rxf3 b5 28. Bd3 Bb6 29. Kf2 f6 30. Bb4 Rc7 31. Bd2 Kf7 32. Rf4 Rc5 33. Re4 Rd5 34. Ke2 Rd6 35. Rf4 Rd7 36. Re4 Rd6 37. Bb4 Rd5 38. Re7+ Kg8 39.
Rb7 Bc5 40. Bxc5 Rxc5 41. Bxg6 Kf8 42. Rf7+ Kg8 43. Rd7 1-0

[Event "Late-Titled-Tuesday-Blitz-April-30-2024"]
[Site "Chess.com"]
[Date "2024.04.30"]
[Round "1"]
[White "JaackCamel"]
[Black "ahmedkandiliii"]
[Result "0-1"]
[WhiteElo "2266"]
[BlackElo "2608"]
[TimeControl "180+1"]
[EndTime "14:07:43 PDT"]
[Termination "ahmedkandiliii won by resignation"]

1. d4 Nf6 2. c4 e6 3. Nc3 d5 4. cxd5 exd5 5. Bg5 Be7 6. e3 h6 7. Bh4 O-O 8. Bd3 c5 9. dxc5 Nc6 10. Nf3 Bg4 11. h3 Be6 12. O-O Bxc5 13. a3 Bd6 14.
Nb5 Bb8 15. Nbd4 Nxd4 16. Nxd4 Qe7 17. Qf3 g5 18. Bg3 g4 19. hxg4 Bxg4 20. Nf5 Bxf5 21. Qxf5 Bxg3 22. fxg3 Qxe3+ 23. Kh1 Ne4 24. Rf3 Qd4 25.
Raf1 Rae8 26. Kh2 Re5 27. Qg4+ Rg5 28. Qh4 Qe5 29. Qf4 Qd4 30. g4 Qg7 31. Bxe4 Rxg4 32. Qxg4 Qxg4 33. Rg3 Qxg3+ 34. Kxg3 dxe4 35. Kf4 Re8 36. Re1 Kg7 37. Kf5 e3 38. Re2 Re6 39. g4 b5 40. b3 a5 41. Kf4 Kg6 42. Re1 e2 43. Kf3 Kg5 44. Kg3 b4 45. axb4 axb4 46. Kf2 Kf4 47. Kg2 Kxg4 48. Kf2 Kf4 49. Kg2 h5 50.
Kf2 h4 51. Kg2 f6 52. Kf2 h3 53. Kg1 Kg3 54. Rc1 0-1

[Event "Late-Titled-Tuesday-Blitz-April-30-2024"]
[Site "Chess.com"]
[Date "2024.04.30"]
[Round "1"]
[White "superchess02"]
[Black "UK_23"]
[Result "1-0"]
[WhiteElo "2853"]
[BlackElo "2471"]
[TimeControl "180+1"]
[EndTime "14:07:44 PDT"]
[Termination "superchess02 won on time"]

1. d4 Nf6 2. c4 c5 3. d5 e6 4. Nc3 exd5 5. cxd5 d6 6. e4 g6 7. Nge2 h5 8. f3 Bg7 9. Bf4 O-O 10. Qd2 a6 11. a4 Ne8 12. g3 Nd7 13. Bg2 Ne5 14. O-O Bd7 15. Bg5 Bf6 16. Bxf6 Nxf6 17. b3 b5 18. f4 Neg4 19. h3 Nh6 20. e5 Ne8 21. e6 fxe6 22. dxe6 Bxe6 23. axb5 a5 24. Ne4 Nf5 25. Ng5 Bxb3 26. Rfb1 Bc4 27. Bd5+ Bxd5 28. Qxd5+ Kh8 29. Nf7+ Rxf7 30. Qxf7 c4 31. b6 Rb8 32. b7 d5 33. Qxg6 Neg7 34. g4 hxg4 35. hxg4 Ne3 36. Kf2 Nc2 37. Qf7 Qh4+ 38. Kg2 Ne3+ 39. Kf3 Nxg4 40. Rh1 Nh2+ 41. Kg2 Qg4+ 42. Ng3 Qf3+ 43. Kxh2 Qf2+ 44. Kh3 1-0

[Event "Late-Titled-Tuesday-Blitz-April-30-2024"]
[Site "Chess.com"]
[Date "2024.04.30"]
[Round "1"]
[White "DeArron_Fox"]
[Black "KuzubovYuriy"]
[Result "0-1"]
[WhiteElo "2501"]
[BlackElo "2961"]
[TimeControl "180+1"]
[EndTime "14:07:45 PDT"]
[Termination "KuzubovYuriy won on time"]

1. d4 Nf6 2. c4 e6 3. Nf3 d5 4.
Nc3 Nbd7 5. Bf4 dxc4 6. e3 Nd5 7. Bxc4 N7b6 8. Bb3 Nxf4 9. exf4 g6 10. h4 Bg7 11.
h5 Bd7 12. Ne5 Bc6 13. Nxc6 bxc6 14. Qf3 Nd5 15. Ba4 Qd6 16. hxg6 hxg6 17. Rxh8+ Bxh8 18. Nxd5 exd5 19. Qc3 Kf8 20. g3 Rb8 21. O-O-O Rb6 22.
b3 Bf6 23. Qc5 Be7 24. Qxd6 Bxd6 25. Kd2 c5 26. dxc5 Bxc5 27. Ke2 Re6+ 28. Kf3 d4 29. Rc1 Bb6 30. Bc6 Ke7 31. Bd5 Rd6 32. Bc4 Kf6 33. g4 d3 34. Rd1 d2 35. Ke2 Ba5 36. Kf3 Rd4 37. g5+ Ke7 38. Kg4 Re4 39.
Kf3 Re1 40. Be2 Ke6 41. a3 Bc3 42. b4 Kd6 43. b5 Kc5 44. a4 Kb6 45. f5 gxf5 0-1

[Event "Late-Titled-Tuesday-Blitz-April-30-2024"]
[Site "Chess.com"]
[Date "2024.04.30"]
[Round "1"]
[White "ploxoi"]
[Black "profedechess93"]
[Result "0-1"]
[WhiteElo "2372"]
[BlackElo "2672"]
[TimeControl "180+1"]
[EndTime "14:07:46 PDT"]
[Termination "profedechess93 won by resignation"]

1. d4 d5 2. Nf3 Nf6 3. c4 c6 4. cxd5 cxd5 5. Nc3 Nc6 6. Bf4 a6 7. e3 e6 8. Bd3 Bd6 9. Bg3 O-O 10. O-O b5 11. a3 Bb7 12. Rc1 Rc8 13. b4 Re8 14.
Nd2 e5 15. dxe5 Nxe5 16. Bxe5 Bxe5 17. Ne2 Rxc1 18. Qxc1 d4 19. exd4 Bxd4 20. Nxd4 Qxd4 21. Qb1 Rd8 22. Nb3 Qd5 23. f3 Qxd3 24. Qxd3 Rxd3 25. Nc5 Rxa3 26. Nxb7 g6 27. Nc5 Nd5 28. Rb1 Ra2 29. Rb3 Nf4 30. g3 Nh3+ 31. Kh1 Nf2+ 32. Kg1 Nh3+ 33. Kh1 Ng5 34. Rd3 Kg7 35. h4 Nh3 36. Rd6 Nf2+ 37. Kg1 Nh3+ 38. Kh1 a5 39. bxa5 Nf2+ 40.
Kg1 Nh3+ 41. Kh1 g5 42. hxg5 Nxg5 43. f4 Nf3 44. Ne6+ fxe6 45. Rd7+ Kg6 0-1

[Event "Late-Titled-Tuesday-Blitz-April-30-2024"]
[Site "Chess.com"]
[Date "2024.04.30"]
[Round "1"]
[White "chessisveryfun1264"]
[Black "Sacbutt"]
[Result "1-0"]
[WhiteElo "2615"]
[BlackElo "2285"]
[TimeControl "180+1"]
[EndTime "14:07:46 PDT"]
[Termination "chessisveryfun1264 won on time"]

1. e4 d5 2. Nc3 d4 3. Nce2 c5 4. d3 Nc6 5. g3 Bg4 6. h3 Bd7 7. Bg2 e5 8. f4 Bd6 9. Nf3 Nge7 10.
O-O Qc8 11. f5 f6 12. g4 h6 13. h4 Qc7 14. c3 O-O-O 15. Qc2 Kb8 16. a3 g6 17. h5 gxh5 18. gxh5 Rdg8 19. Nh4 Be8 20. Ng6 Nxg6 21. hxg6 h5 22. c4 h4 23. Bh3 Qd7 24. Kg2 Qg7 25. Kh2 Bd7 26. Rg1 Qe7 27. Rg4 Qf8 28. Ng1 Ne7 29. Rg2 Qc8 30. Qf2 Rg7 31.
Kh1 Qe8 32. Nf3 Qd8 33. Nxh4 Qe8 34. Bd2 Qc8 35. Rag1 Rh5 36. Bg4 Rh8 37. Rh2 a6 38.
Nf3 Rxh2+ 39. Qxh2 Rg8 40. Bh6 Nxg6 41. fxg6 Bxg4 42. Nh4 f5 43. Qg3 Kc7 44. g7 Kc6 45. Ng6 Qe6 46. exf5 Bxf5 47. Qf3+ Kb6 48. Qd5 Qxd5+ 49.
cxd5 Kc7 50. Rg5 Bxd3 51. Nxe5 Bxe5 52. Rxe5 Kd7 53. Kg2 Bh7 54. Kf2 b6 55. Ke2 Re8 56. Rxe8 Kxe8 57. d6 Kd7 58. Bf4 Bg8 59. Be5 Kc6 60.
Kf3 Kd7 61. Ke4 Ke6 62. Kf4 b5 63. b4 cxb4 64. axb4 Kd5 65. d7 1-0

[Event "Late-Titled-Tuesday-Blitz-April-30-2024"]
[Site "Chess.com"]
[Date "2024.04.30"]
[Round "1"]
[White "miraitrunks"]
[Black "DucksParadise"]
[Result "0-1"]
[WhiteElo "2239"]
[BlackElo "2596"]
[TimeControl "180+1"]
[EndTime "14:07:46 PDT"]
[Termination "DucksParadise won by resignation"]

1. e4 e5 2. Nf3 Nf6 3. Nxe5 d6 4. Nc4 Nxe4 5. d4 d5 6. Ne3 c6 7. Bd3 f5 8. O-O Bd6 9. Qh5+ g6 10. Qh6 Bf8 11. Qf4 Bd6 12. Qh6 Bf8 13. Qf4 Qd6 14.
Qh4 Be7 15. Qh6 Qf6 16. f3 Ng5 17. Kh1 Nf7 18. Qf4 Bd6 19. Ng4 Qe7 20. Ne5 Nxe5 21. dxe5 Bxe5 22. Qh6 Bg7 23. Qf4 O-O 24. Nc3 Nd7 25. Bd2 Qe5 26. Qh4 Qd4 27. Qe7 Qf6 28. Qb4 a5 29. Qa3 f4 30. Ne2 g5 31. Bc3 Qh6 32. Bxg7 Qxg7 33. Rae1 Ne5 34. Nd4 Bd7 35. Qd6 Rae8 36. c3 Nxd3 37. Rd1 Ne5 38. Rfe1 Nc4 39.
Qc5 b6 40. Rxe8 bxc5 41. Rxf8+ Qxf8 42. Ne2 Qe7 43. Ng1 Qe3 44. Rf1 Bf5 45. h4 g4 46. fxg4 Bxg4 47. Nf3 Bxf3 48. Rxf3 Qxf3 49. gxf3 Kf7 0-1

[Event "Late-Titled-Tuesday-Blitz-April-30-2024"]
[Site "Chess.com"]
[Date "2024.04.30"]
[Round "1"]
[White "NLLO777"]
[Black "HansOnTwitch"]
[Result "0-1"]
[WhiteElo "2537"]
[BlackElo "3206"]
[TimeControl "180+1"]
[EndTime "14:07:47 PDT"]
[Termination "HansOnTwitch won by resignation"]

1. d4 Nf6 2. Nf3 g6 3. g3 Bg7 4.
Bg2 O-O 5. O-O d6 6. c4 Nbd7 7. Nc3 e5 8. e4 Re8 9. Re1 exd4 10. Nxd4 Ne5 11. b3 a6 12. Bb2 c5 13. Nc2 Bg4 14. f3 Be6 15. Ne3 Rb8 16. Qd2 b5 17. cxb5 axb5 18.
Rad1 b4 19. Ncd5 Nxd5 20. exd5 Bd7 21. h3 Bb5 22. Qc2 Nd3 23. Bxg7 Nxe1 24. Qb2 Rxe3 25. Bh6 Re5 26. f4 Nd3 27. Rxd3 Re1+ 28. Kf2 f6 29. Kxe1 Bxd3 30. Kf2 Qe7 31. Qd2 Bb5 32. g4 Re8 33. Bf3 Qa7 34. Kg3 c4 35. bxc4 Qg1+ 36. Bg2 Bxc4 37. g5 Qe3+ 38. Qxe3 Rxe3+ 39. Kf2 Re2+ 40.
Kf3 f5 41. Bf1 Rc2 42. Bxc4 Rxc4 43. Ke3 Rc3+ 44. Kd4 Ra3 45. Kc4 Rxa2 46. Kxb4 Rc2 47. Kb5 Rc5+ 48. Kb6 Kf7 49. Kb7 Rxd5 50. Kc6 Ke6 51.
Bg7 Rc5+ 52. Kb6 Rc2 53. Bd4 Rh2 54. h4 Rxh4 55. Bc3 Rxf4 56. Bd2 Re4 0-1

[Event "Late-Titled-Tuesday-Blitz-April-30-2024"]
[Site "Chess.com"]
[Date "2024.04.30"]
[Round "1"]
[White "HamedWafa4"]
[Black "dimitrisl"]
[Result "0-1"]
[WhiteElo "2723"]
[BlackElo "2439"]
[TimeControl "180+1"]
[EndTime "14:07:47 PDT"]
[Termination "dimitrisl won by resignation"]

1. d4 Nf6 2. Nf3 g6 3. Nc3 Bg7 4. e4 d6 5. h3 O-O 6. Be2 e5 7.
Be3 Nc6 8. Qd2 exd4 9. Nxd4 Re8 10. Nxc6 bxc6 11. Bf3 Nd7 12. O-O Ba6 13. Rfe1 Ne5 14.
Be2 Bxe2 15. Qxe2 Rb8 16. Rab1 a5 17. Red1 Qc8 18. f4 Nd7 19. Qc4 Qb7 20. Bd4 Qb4 21. Qd3 Qxd4+ 22. Qxd4 Bxd4+ 23. Rxd4 Rb4 24. Rd3 Nc5 25. Re3 Nxe4 26. Rbe1 f5 27. b3 d5 28. Na4 Rd8 29. Nb2 Rbb8 30. Nd3 c5 31. Ne5 Rb6 32. Rd1 a4 33. bxa4 d4 34. Ra3 Ra8 35. a5 Rb2 36. a6 Nc3 37. Re1 Rxa2 38. Rxa2 Nxa2 39. Nd7 c4 40. Nc5 Nb4 41. Rc1 c6 42. Kf2 Nxa6 43. Ne6 c5 44. Rb1 Nb4 45. Nxc5 Nxc2 46. Rb2 d3 47. Ne6 c3 48. Rb7 d2 49. Rg7+ Kh8 0-1

[Event "Late-Titled-Tuesday-Blitz-April-30-2024"]
[Site "Chess.com"]
[Date "2024.04.30"]
[Round "1"]
[White "PapaieDudu"]
[Black "IMRosen"]
[Result "0-1"]
[WhiteElo "2394"]
[BlackElo "2689"]
[TimeControl "180+1"]
[EndTime "14:07:47 PDT"]
[Termination "IMRosen won by checkmate"]

1. Nf3 Nf6 2. d4 d5 3. c4 e6 4.
Nc3 Nbd7 5. Bg5 c6 6. e3 Qa5 7.
Nd2 Bb4 8. Rc1 Ne4 9. Ndxe4 dxe4 10. Bh4 Qxa2 11. Qc2 Nb6 12. Be2 Na4 13. O-O Nxc3 14. Ra1 Nxe2+ 15. Kh1 Qxa1 16. Rxa1 Nxd4 17. exd4 f5 18.
d5 O-O 19. dxc6 bxc6 20. Qa4 a5 21. Qxc6 Ra6 22. Qb5 h6 23. Bg3 f4 24. Bh4 g5 25.
Bxg5 hxg5 26. Qxg5+ Kh7 27. Qh5+ Kg7 28. Qg5+ Kh7 29.
Ra4 Rd6 30. h3 Rd7 31. c5 Rg7 32. Qh5+ Kg8 33. Kh2 Bb7 34. Qe5 Bd5 35. c6 Rc8 36.
Ra2 Rxc6 37. Ra1 Bd6 38. Qd4 Rc8 39. Rd1 Rf8 40. Kh1 e3 41. fxe3 Bxg2+ 42. Kg1 f3 43. Kf2 Bg3+ 44. Kg1 Bxh3 45. Kh1 f2 46. Qe4 f1=Q+ 47.
Rxf1 Rxf1# 0-1

[Event "Late-Titled-Tuesday-Blitz-April-30-2024"]
[Site "Chess.com"]
[Date "2024.04.30"]
[Round "1"]
[White "Fantastic_Power"]
[Black "conformalfunction"]
[Result "0-1"]
[WhiteElo "2669"]
[BlackElo "2421"]
[TimeControl "180+1"]
[EndTime "14:07:47 PDT"]
[Termination "conformalfunction won on time"]

1. e4 e6 2. d4 d5 3. Nc3 Nf6 4. Bg5 Bb4 5. e5 h6 6. Bd2 Bxc3 7. bxc3 Ne4 8. Bc1 c5 9. Qg4 Kf8 10. Bd3 cxd4 11. Ne2 dxc3 12. O-O Nc6 13. Bxe4 dxe4 14. Qg3 Qd5 15. Ba3+ Kg8 16. Bd6 b6 17. Nxc3 Qc4 18. Rfe1 Bb7 19. Rxe4 Nd4 20. Rg4 g5 21. Re1 Rc8 22.
Re3 Rh7 23. h4 Rg7 24. Kh2 Kh8 25. hxg5 hxg5 26. Kg1 Qxc3 27. Rxc3 Ne2+ 28. Kh2 Rxc3 29. Qxc3 Nxc3 30. Rc4 Nd5 31. Rd4 b5 32. Kg3 Rg8 33. a4 a6 34. axb5 axb5 35. c4 bxc4 36. Rxc4 Ba6 37. Rg4 Bd3 38. Rd4 Bf5 39. f3 g4 40.
fxg4 Ne3 41. Kf3 Nxg4 42. Rf4 Nh6 43. Rh4 Kh7 0-1

[Event "Late-Titled-Tuesday-Blitz-April-30-2024"]
[Site "Chess.com"]
[Date "2024.04.30"]
[Round "1"]
[White "GP9isback23"]
[Black "margarita_2703"]
[Result "1-0"]
[WhiteElo "2631"]
[BlackElo "2322"]
[TimeControl "180+1"]
[EndTime "14:07:48 PDT"]
[Termination "GP9isback23 won by checkmate"]

1. d4 d5 2. Nf3 Nf6 3. c4 e6 4.
Nc3 c6 5. e3 Be7 6. Bd3 O-O 7. O-O dxc4 8. Bxc4 a6 9. e4 b5 10. Bd3 h6 11. e5 Nfd7 12. Ne4 c5 13. Qe2 cxd4 14. Nd6 Nc5 15. Bf4 Nxd3 16. Qxd3 Bxd6 17.
exd6 Nc6 18. Nxd4 Bb7 19. Rac1 Nxd4 20. Qxd4 f6 21. Rc7 e5 22. Bxe5 fxe5 23. Qxe5 Rf7 24. Qe6 Qe8 25. Re7 Qf8 26. Rxb7 Rd8 27. Rd1 Re8 28. Qd5 Rd8 29. h3 g6 30. Qe6 Kg7 31. Qe5+ Kh7 32. Rxf7+ Qxf7 33. a3 Rd7 34. g3 Qb3 35.
Rd2 Qc4 36. Kg2 h5 37. Qd5 Qc1 38. Re2 Qc8 39. Re7+ Kh6 40. Re6 Qd8 41. Qf5 Rg7 42. Qe5 Kh7 43. Re7 Qa8+ 44. Kg1 Rxe7 45. Qxe7+ Kh6 46. d7 Qf3 47. d8=Q Qf7 48. Qxf7 a5 49. Qdf8+ Kg5 50. Qf4# 1-0

[Event "Late-Titled-Tuesday-Blitz-April-30-2024"]
[Site "Chess.com"]
[Date "2024.04.30"]
[Round "1"]
[White "Klendi"]
[Black "HonzaVykouk"]
[Result "0-1"]
[WhiteElo "2425"]
[BlackElo "2749"]
[TimeControl "180+1"]
[EndTime "14:07:49 PDT"]
[Termination "HonzaVykouk won by checkmate"]

1. e4 c5 2. c3 d5 3. exd5 Qxd5 4. Nf3 g6 5. Na3 Bg7 6. d4 cxd4 7. Nb5 Na6 8.
Nbxd4 Nf6 9. Be2 O-O 10. O-O Nc7 11. h3 e5 12. Nb3 Be6 13. Bg5 b6 14. c4 Qxd1 15.
Rfxd1 Ne4 16. Be3 f5 17. Ng5 Nxg5 18. Bxg5 e4 19. Nd4 Bf7 20. Nc6 Bxb2 21. Rab1 Bg7 22.
Rd7 Ne6 23. Be7 Rfe8 24. Nxa7 Nd4 25. Bf1 Rxa7 26. Rxa7 Nc6 27. Rc7 Nxe7 28. Rxb6 f4 29.
Rbb7 Bf6 30. a4 e3 31. fxe3 fxe3 32. a5 Be6 33. a6 Bc8 34. Rb8 Be5 35. Rxe7 Rxe7 36.
Rxc8+ Kg7 37. Be2 Bd4 38. Rb8 Kh6 39. g3 Rf7 40. Rd8 Bc5 41. Rd5 Ba7 42. c5 Rf2 43. c6 Rxe2 44. Rd7 Bb6 45. Rb7 Bc5 46. c7 Rc2 47.
c8=Q e2+ 48. Qxc5 e1=Q# 0-1

[Event "Late-Titled-Tuesday-Blitz-April-30-2024"]
[Site "Chess.com"]
[Date "2024.04.30"]
[Round "1"]
[White "Aalessia"]
[Black "Meri-Arabidze"]
[Result "0-1"]
[WhiteElo "2386"]
[BlackElo "2682"]
[TimeControl "180+1"]
[EndTime "14:07:49 PDT"]
[Termination "Meri-Arabidze won by resignation"]

1. d4 Nf6 2. c4 e6 3. Nf3 Bb4+ 4. Nbd2 O-O 5. a3 Be7 6. e4 d6 7. Bd3 e5 8. d5 a5 9. O-O Na6 10. Ne1 Nc5 11. Bc2 a4 12. Qe2 g6 13. f4 exf4 14. Rxf4 Nh5 15. Rf1 Bf6 16. Nd3 Bd4+ 17. Kh1 Qh4 18.
Qe1 Qe7 19. Nxc5 Bxc5 20. Nf3 Bg4 21. Bg5 Qd7 22. Qh4 f6 23. Bh6 Rf7 24. h3 Bxf3 25. Rxf3 Bd4 26. Rb1 Be5 27. g4 Ng7 28. Bf4 Re8 29.
Qf2 Ref8 30. Qg3 b6 31. Qf2 b5 32. c5 dxc5 33. Qxc5 h5 34. gxh5 Nxh5 35. Bh2 Qe8 36. Qf2 Kh7 37. Bd3 Bd6 38. Rf1 Be5 39. Qe2 Bxh2 40.
Qxh2 Kg7 41. Qe2 Rh8 42. Kg2 Qe5 43. Bxb5 Qg5+ 44. Kh2 Qe5+ 45. Kg2 g5 46. Qf2 Nf4+ 47. Rxf4 gxf4 48. Qxf4 Qxb2+ 49. Rf2 Qe5 50. Qg4+ Qg5 51. Kh1 Qxg4 52. Rg2 Rxh3+ 53. Kg1 Rg3 0-1

[Event "Late-Titled-Tuesday-Blitz-April-30-2024"]
[Site "Chess.com"]
[Date "2024.04.30"]
[Round "1"]
[White "ritanovikova"]
[Black "Mikayel99"]
[Result "0-1"]
[WhiteElo "2185"]
[BlackElo "2576"]
[TimeControl "180+1"]
[EndTime "14:07:52 PDT"]
[Termination "Mikayel99 won on time"]

1. e4 c6 2. d4 g6 3. Nc3 Bg7 4.
Be3 d5 5. h3 dxe4 6. Nxe4 Nf6 7. Nxf6+ exf6 8. Nf3 O-O 9. Bc4 Nd7 10. a4 Nb6 11. Bb3 Re8 12. O-O Nd5 13. Bd2 f5 14. c4 Nf6 15. a5 Ne4 16. Bb4 Ng5 17. Re1 Rxe1+ 18. Bxe1 Nxf3+ 19. Qxf3 Bxd4 20. Rd1 Qf6 21. Bc3 c5 22. a6 Rb8 23. Bxd4 cxd4 24. Qf4 Ra8 25. Rxd4 bxa6 26. c5 Be6 27. Qd6 Kg7 28.
Ba4 Ba2 29. Qxf6+ Kxf6 30. c6 Be6 31. c7 Ke7 32. Bc6 Rc8 33. Bb7 Rxc7 34. Bxa6 Rd7 35. Rb4 h5 36. h4 Rc7 37. Kh2 Rc6 38. Bb7 Rb6 39. Rxb6 axb6 40. Kg3 Kd6 41. Kf4 f6 42. f3 Kc5 43. Ba6 b5 44. Ke3 Kb6 45. Bxb5 Kxb5 46. Kd4 Kb4 47. g3 Ba2 48. Ke3 Bd5 0-1